 Dungeon Sprint DCSS version 0.19.0-24-gb05acd6 (webtiles) character file.

15200000 Kadarus the Axe Maniac (level 27, -11/245 (249) HPs)
             Began as a Demonspawn Warper on Nov 20, 2016.
             Was the Champion of Makhleb.
             Killed by divine providence
             ... invoked by an observer
              (12 damage)
             ... in the Dungeon (Sprint VIII: "Arena of Blood").
             The game lasted 00:10:10 (152 turns).

Kadarus the Axe Maniac (Demonspawn Warper)           Turns: 152, Time: 00:10:12

HP:   -11/245 (249) AC: 10    Str: 14    XL:     27
MP:   0/54          EV: 35    Int: 16    God:    Makhleb [******]
Gold: 0             SH:  0    Dex: 22    Spells: 0 memorised, 80 levels left

rFire  + . .     SeeInvis +     k - +∞ Axe of Woe
rCold  . . .     Gourm    .     a - +0 leather armour
rNeg   . . .     Faith    .     (shield currently unavailable)
rPois  .         Spirit   +     (helmet unavailable)
rElec  +         Reflect  .     (no cloak)
rCorr  .         Harm     .     (no gloves)
MR     ++...     NoTele   +     (no boots)
Stlth  +++++++++.               (no amulet)
                                (no ring)
                                l - ring of protection from fire

@: hasted and slowed
A: antennae 3, thin metallic scales 3, powered by death 3, augmentation 3, magic
shield, magic regeneration, magic link
a: Minor Destruction, Lesser Servant of Makhleb, Major Destruction, Greater
Servant of Makhleb, Renounce Religion


You were in the Dungeon.
You worshipped Makhleb.
Makhleb was exalted by your worship.
You were not hungry.

You visited 1 branch

Inventory:

Hand Weapons
 k - the +∞ Axe of Woe (weapon)
   (You found it in the Dungeon)
Missiles
 d - 5 tomahawks of dispersal (quivered)
Armour
 a - a +0 leather armour (worn)
Jewellery
 l - a ring of protection from fire (left hand)
Scrolls
 c - 2 scrolls of blinking
Potions
 e - a potion of curing
 g - a potion of heal wounds
 i - 2 potions of magic
 j - a potion of berserk rage
Books
 b - a book of Spatial Translocations

   Spells                             Type                      Level
   a - Blink                          Translocation                2
   b - Shroud of Golubria             Charms/Translocation         2
   c - Lesser Beckoning               Translocation                3
   d - Portal Projectile              Translocation                3
   e - Teleport Other                 Translocation                3
   f - Passage of Golubria            Translocation                4
Comestibles
 f - a bread ration


   Skills:
 O Level 27 Fighting
 O Level 27 Axes
 O Level 27 Throwing
 O Level 27 Armour
 O Level 27 Dodging
 O Level 27 Stealth
 O Level 27 Unarmed Combat
 O Level 27 Spellcasting
   Level 2.6 Translocations
 O Level 27 Invocations


You had 80 spell levels left.
You didn't know any spells.

Dungeon Overview and Level Annotations

Branches:
Dungeon (1/1)

Altars:
Makhleb


Innate Abilities, Weirdness & Mutations

You have a pair of large antennae on your head. (SInv)
You are completely covered in thin metallic scales. (AC +4, rElec)
You regenerate a lot of health from kills.
Your magical and physical power is greatly enhanced at high health.
When hurt, damage is shared between your health and your magic reserves.
You regenerate magic rapidly.
When low on magic, you restore magic in place of health.


Message History

* * * LOW HITPOINT WARNING * * *
You hear a shout!
The observer gazes at you. Something smites you!
* * * LOW HITPOINT WARNING * * *
You hear a shout!
The wretched soul hits you.
* * * LOW HITPOINT WARNING * * *
The destroyer blinks!
The fleshlord gestures wildly while chanting.
The observer gazes at you. The bolt of fire hits you! You resist.
* * * LOW HITPOINT WARNING * * *
The eight-headed meat hydra calls on the powers of darkness!
The eight-headed meat hydra convulses!
You feel a surge of unholy energy.
The observer convulses!
You hear a shout!
The observer gazes at you. Something smites you!
You die...

...{.G))#){).#..)§.##...
......##{.))%#p....# ..
.....#).){))#§.).##.....
.....#)p.###..%.#.......
.......))o.G.GW#.........
..G...))%).o....W.....###
#.....####O.%......####
...D...V#W......####
...z...W@W.§.####
..=....§..####
###########


You could see an eight-headed meat hydra, a destroyer, 3 observers, a fleshlord,
a sculptor of flesh, a wretched soul (invisible), 3 dreads, a meat berserker
(berserk) and a bag of meat.

Vanquished Creatures
  3 hell knights (D)
  6 hell beasts (D)
  4 greater mummies (D)
  6 great orbs of eyes (D)
  5 wraiths (D)
  9 vampire knights (D)
  46 ogres (D)
  7 liches (D)
  4 hydras (D)
  60 orcs (D)
  6 phantoms (D)
  8 hill giants (D)
  4 skeletal warriors (D)
  3 large abominations (D)
  10 small abominations (D)
  12 crawling corpses (D)
193 creatures vanquished.

Vanquished Creatures (others)
  Harold (D)
  3 orcs (D)
  5 crawling corpses (D)
9 creatures vanquished.

Grand Total: 202 creatures vanquished

Notes
Turn   | Place    | Note
-------+----------+-------------------------------------------
     0 | D        | Kadarus the Demonspawn Warper began the quest for the Orb.
     0 | D        | Reached XP level 1. HP: 16/16 MP: 3/3
     4 | D        | Noticed a bag of meat
     4 | D        | Became a worshipper of Makhleb the Destroyer
     5 | D        | Noticed a meat berserker
     5 | D        | Noticed a meat berserker
     7 | D        | Noticed a bag of meat
     7 | D        | Noticed a meat berserker
     8 | D        | Noticed a bag of meat
     9 | D        | Noticed a bag of meat
     9 | D        | Noticed a meat berserker
     9 | D        | Noticed a bag of meat
     9 | D        | Killed a meat berserker
     9 | D        | Reached skill level 27 in Axes
     9 | D        | Gained mutation: When hurt, damage is shared between your health and your magic reserves. [demonic ancestry]
     9 | D        | Reached XP level 2. HP: 28/28 MP: 5/5
     9 | D        | Gained mutation: You regenerate magic rapidly. [demonic ancestry]
     9 | D        | Reached XP level 3. HP: 34/34 MP: 6/6
     9 | D        | Reached XP level 4. HP: 40/40 MP: 7/7
     9 | D        | Reached XP level 5. HP: 46/46 MP: 8/8
     9 | D        | Gained mutation: You have a pair of small antennae on your head. [demonic ancestry]
     9 | D        | Reached XP level 6. HP: 52/52 MP: 9/9
     9 | D        | Gained mutation: You have a pair of antennae on your head. [demonic ancestry]
     9 | D        | Reached XP level 7. HP: 58/58 MP: 10/10
     9 | D        | Gained mutation: You are partially covered in thin metallic scales. (AC +2) [demonic ancestry]
     9 | D        | Reached XP level 8. HP: 64/64 MP: 11/11
     9 | D        | Gained mutation: You have a pair of large antennae on your head. (SInv) [demonic ancestry]
     9 | D        | Reached XP level 9. HP: 69/69 MP: 12/12
     9 | D        | Gained mutation: You are mostly covered in thin metallic scales. (AC +3) [demonic ancestry]
     9 | D        | Reached XP level 10. HP: 76/76 MP: 13/13
     9 | D        | Reached XP level 11. HP: 81/81 MP: 14/14
     9 | D        | Gained mutation: When low on magic, you restore magic in place of health. [demonic ancestry]
     9 | D        | Reached XP level 12. HP: 88/88 MP: 15/15
     9 | D        | Gained mutation: Your magical and physical power is slightly enhanced at high health. [demonic ancestry]
     9 | D        | Reached XP level 13. HP: 93/93 MP: 16/16
    10 | D        | Noticed a meat berserker
    10 | D        | Killed a meat berserker
    10 | D        | Reached * piety under Makhleb
    10 | D        | Reached XP level 14. HP: 60/138 MP: 7/17
    10 | D        | Killed a bag of meat
    10 | D        | Killed a meat berserker
    10 | D        | Reached skill level 27 in Fighting
    10 | D        | Gained mutation: You regenerate a little health from kills. [demonic ancestry]
    10 | D        | Reached XP level 15. HP: 69/159 MP: 7/18
    11 | D        | Reached ** piety under Makhleb
    11 | D        | Killed a meat berserker
    11 | D        | Reached XP level 16. HP: 118/167 MP: 7/19
    12 | D        | Noticed a destroyer
    13 | D        | Noticed a meat berserker
    13 | D        | Noticed a large bag of meat
    13 | D        | Killed a destroyer
    13 | D        | Reached skill level 27 in Dodging
    13 | D        | Reached skill level 15 in Stealth
    13 | D        | Gained mutation: You are completely covered in thin metallic scales. (AC +4, rElec) [demonic ancestry]
    13 | D        | Reached XP level 17. HP: 174/174 MP: 8/20
    13 | D        | Reached *** piety under Makhleb
    14 | D        | Killed a meat berserker
    14 | D        | Reached XP level 18. HP: 182/182 MP: 10/21
    14 | D        | Reached skill level 27 in Stealth
    14 | D        | Reached skill level 10 in Armour
    14 | D        | Reached **** piety under Makhleb
    16 | D        | Noticed a meat berserker
    16 | D        | Noticed a meat berserker
    18 | D        | Gained mutation: Your magical and physical power is enhanced at high health. [demonic ancestry]
    18 | D        | Reached XP level 19. HP: 189/189 MP: 10/22
    18 | D        | Reached ***** piety under Makhleb
    18 | D        | Reached skill level 27 in Armour
    18 | D        | Reached skill level 1 in Throwing
    18 | D        | Reached skill level 10 in Unarmed Combat
    18 | D        | Reached skill level 10 in Spellcasting
    19 | D        | Noticed a meat berserker
    20 | D        | Noticed a meat berserker
    20 | D        | Killed a meat berserker
    20 | D        | Reached XP level 20. HP: 197/197 MP: 16/37
    20 | D        | Reached skill level 15 in Throwing
    21 | D        | Noticed a meat berserker
    21 | D        | Killed a meat berserker
    21 | D        | Killed a meat berserker
    21 | D        | Reached XP level 21. HP: 204/204 MP: 20/44
    26 | D        | Reached ****** piety under Makhleb
    26 | D        | Reached skill level 27 in Invocations
    26 | D        | Reached XP level 22. HP: 212/212 MP: 12/50
    27 | D        | Reached skill level 27 in Throwing
    27 | D        | Reached skill level 27 in Unarmed Combat
    27 | D        | Reached skill level 27 in Spellcasting
    29 | D        | Gained mutation: Your magical and physical power is greatly enhanced at high health. [demonic ancestry]
    29 | D        | Reached XP level 23. HP: 219/219 MP: 20/54
    33 | D        | Reached XP level 24. HP: 227/227 MP: 25/54
    35 | D        | Noticed a destroyer
    37 | D        | Noticed a destroyer
    38 | D        | Killed a destroyer
    38 | D        | Gained mutation: You regenerate health from kills. [demonic ancestry]
    38 | D        | Reached XP level 25. HP: 234/234 MP: 34/54
    40 | D        | Killed a destroyer
    42 | D        | Noticed a destroyer
    42 | D        | Reached XP level 26. HP: 189/242 MP: 14/54
    44 | D        | Killed a destroyer
    45 | D        | Noticed a destroyer
    47 | D        | Noticed a destroyer
    48 | D        | Gained mutation: You regenerate a lot of health from kills. [demonic ancestry]
    48 | D        | Reached XP level 27. HP: 249/249 MP: 38/54
    52 | D        | Killed a destroyer
    54 | D        | Killed a destroyer
    58 | D        | Noticed an accursed
    60 | D        | Noticed a meat beast
    61 | D        | Noticed a tyrant
    62 | D        | Killed an accursed
    63 | D        | Noticed a tyrant
    63 | D        | Noticed a destroyer
    66 | D        | Noticed a meat beast
    67 | D        | Killed a destroyer
    69 | D        | Killed a meat beast
    69 | D        | Killed a tyrant
    70 | D        | Killed a tyrant
    71 | D        | Noticed a dread
    76 | D        | Killed a dread
    77 | D        | Noticed a meat beast
    79 | D        | Killed a meat beast
    82 | D        | Noticed a meat beast
    84 | D        | Killed a meat beast
    90 | D        | Noticed a destroyer
    91 | D        | Noticed an accursed
    93 | D        | Killed a destroyer
    95 | D        | Noticed a tyrant
    95 | D        | Noticed a dread
    97 | D        | Noticed an accursed
    97 | D        | Noticed a dread
    98 | D        | Noticed a tyrant
    98 | D        | Noticed a dread
    99 | D        | Noticed a tyrant
   100 | D        | Killed an accursed
   102 | D        | Noticed a meat beast
   102 | D        | Killed a dread
   102 | D        | Killed a tyrant
   104 | D        | Noticed a tyrant
   105 | D        | Noticed an accursed
   107 | D        | Killed a meat beast
   108 | D        | Killed a dread
   111 | D        | Noticed a dread
   111 | D        | Killed a meat beast
   112 | D        | Noticed The Servant
   115 | D        | Killed an accursed
   119 | D        | Killed a dread
   120 | D        | Killed The Servant
   121 | D        | Noticed a destroyer
   122 | D        | Noticed a fleshlord
   124 | D        | Noticed a fleshlord
   126 | D        | Killed a fleshlord
   127 | D        | Killed a fleshlord
   130 | D        | Killed a dread
   130 | D        | Killed a tyrant
   132 | D        | Killed a tyrant
   133 | D        | Killed a destroyer
   135 | D        | Noticed a meat beast
   136 | D        | Killed an accursed
   137 | D        | Noticed a tyrant
   137 | D        | Killed a meat beast
   138 | D        | Noticed a dread
   139 | D        | Noticed a fleshlord
   139 | D        | Killed a tyrant
   141 | D        | Noticed a meat beast
   144 | D        | Noticed a destroyer
   148 | D        | Noticed a dread
   148 | D        | Killed a fleshlord
   150 | D        | Noticed a dread
   151 | D        | Noticed a fleshlord
   151 | D        | Killed a tyrant
   152 | D        | HP: 1/245 [observer/bolt of fire (17)]
   152 | D        | Killed from afar by an observer

Skill      XL: |  1  2  3  4  5  6  7  8  9 10 11 12 13 14 15 16 17 18 19 20 21 22 |
---------------+-------------------------------------------------------------------+-----
Axes           | 27 | 27.0
Fighting       | 6 21 27 | 27.0
Dodging        | 13 23 27 | 27.0
Stealth        | 15 25 27 | 27.0
Armour         | 25 27 | 27.0
Throwing       | 13 19 24 27 | 27.0
Unarmed Combat | 13 19 24 27 | 27.0
Spellcasting   | 13 19 24 27 | 27.0
Invocations    | 18 26 27 | 27.0
Translocations | |  2.6

Action                   |  1- 3 |  4- 6 |  7- 9 | 10-12 | 13-15 | 16-18 | 19-21 | 22-24 | 25-27 || total
-------------------------+-------+-------+-------+-------+-------+-------+-------+-------+-------++-------
Melee: Executioner's axe |     1 |       |       |       |     2 |     3 |     3 |     5 |    72 ||    86
  Use: Potion            |       |       |       |       |       |       |       |       |     1 ||     1
Armor: Leather armour    |       |       |       |       |       |       |       |       |     5 ||     5
Dodge: Dodged            |       |       |       |       |       |     1 |     1 |     2 |    27 ||    31
